 Dungeon Crawl Stone Soup version 0.32-a0-22-g6ae6769602 (console) character file.

Game seed: 16270793973453171510

164 Zeia the Grave Robber (level 5, -5/41 HPs)
             Began as a Demonspawn Necromancer on Jan 18, 2024.
             Slain by a phantom (6 damage)
             ... on level 2 of the Dungeon.
             The game lasted 00:13:21 (2779 turns).

Zeia the Grave Robber (Demonspawn Necromancer)      Turns: 2779, Time: 00:13:22

Health: -5/41      AC:  3    Str:  9    XL:     5   Next: 21%
Magic:  18/18      EV: 12    Int: 19    God:
Gold:   63         SH:  0    Dex: 13    Spells: 5/9 levels left

rFire   + . .        j - +0 dagger
rCold   + . .        (no shield)
rNeg    . . .        a - +0 robe
rPois   .            (no helmet)
rElec   .            s - scarf {rC+ rF+}
rCorr   .            (no gloves)
SInv    .            d - +0 pair of boots
Will    +....        (no amulet)
Stlth   ++           m - ring "Earthly Heaven" {Will+ Int+2}
HPRegen 0.26/turn    o - ring of magical power
MPRegen 0.16/turn

%: no passive effects
@: no status effects
A: demonic guardian 1, ignite blood 1
a: no special abilities


You were on level 2 of the Dungeon.
You visited 1 branch of the dungeon, and saw 3 of its levels.

You collected 63 gold pieces.

Inventory:

Hand Weapons
 i - a +0 short sword
 j - a +0 dagger (weapon)
Armour
 a - a +0 robe (worn)
 d - a +0 pair of boots (worn)
 f - a +2 plate armour of poison resistance
 s - a scarf of resistance (worn)
Jewellery
 h - a ring of wizardry
 m - the ring "Earthly Heaven" (left hand) {Will+ Int+2}
   (You found it on level 2 of the Dungeon)

   [ring of willpower]

   Int+2:     It affects your intelligence (+2).
   Will+:     It increases your willpower.
 o - a ring of magical power (right hand)
 v - an amulet of guardian spirit
Wands
 u - a wand of charming (9)
Scrolls
 c - a scroll of enchant weapon {unknown}
 g - a scroll of teleportation {unknown}
 n - 2 scrolls of identify {unknown}
 r - a scroll of immolation {unknown}
Potions
 b - a potion of magic
 e - a potion of attraction
 l - a potion of degeneration {unknown}
 p - a potion of brilliance {unknown}
 q - 2 potions of mutation {unknown}
 t - a potion of heal wounds {unknown}


   Skills:
 - Level 3.0 Fighting
 - Level 1.7 Dodging
 - Level 1.7 Stealth
 + Level 2.8 Spellcasting
 + Level 5.6 Necromancy


You had 5 spell levels left.
You knew the following spells:

 Your Spells              Type           Power      Damage    Failure   Level
a - Necrotise             Necr           96%        1d8       1%          1
b - Vampiric Draining     Necr           24%        2d7       4%          3

Your spell library contained the following spells:

 Spells                   Type           Power      Damage    Failure   Level
 Kiss of Death            Conj/Necr      52%        2d9       4%          1
 Slow                     Hex            8%         N/A       16%         1
 Animate Dead             Necr           24%        N/A       16%         4
 Dispel Undead            Necr           24%        3d12      16%         4
 Curse of Agony           Necr           24%        N/A       38%         5
 Confusing Touch          Hex            2%         N/A       43%         3
 Sigil of Binding         Hex            2%         N/A       43%         3


Dungeon Overview and Level Annotations

Branches:
Dungeon (3/15)

Altars:


Innate Abilities, Weirdness & Mutations

A weak demonic guardian rushes to your aid.
Your demonic aura sometimes causes spilled blood to erupt in flames.


Message History

You hit the phantom.
The phantom is severely damaged.
The phantom hits you but does no damage.
You hit the phantom.
The phantom is severely damaged.
The phantom hits you.
* * * LOW HITPOINT WARNING * * *
A demonic guardian appears!
You hit the phantom.
The phantom is severely damaged.
The phantom hits you but does no damage.
You are too injured to fight recklessly!
You hit the phantom.
The phantom is almost destroyed.
The phantom hits you.
* * * LOW HITPOINT WARNING * * *
You barely miss the phantom.
The phantom is almost destroyed.
The phantom hits you but does no damage.
You hit the phantom.
The phantom is almost destroyed.
The phantom hits you but does no damage.
You barely miss the phantom.
The phantom is almost destroyed.
Your shadow imp disappears in a puff of smoke!
The phantom hits you.
* * * LOW HITPOINT WARNING * * *
A demonic guardian appears!
You barely miss the phantom.
The phantom is almost destroyed.
The phantom hits you but does no damage.
You hit the phantom.
The phantom is almost destroyed.
You feel less wooden.
Your scarf of resistance unmelds from your body.
Your +0 pair of boots unmelds from your body.
Your +0 robe unmelds from your body.
You feel resistant to extremes of temperature.
The phantom hits you.
You die...

...####.........####...##.#
...# ##.......## ##.###.#
#..# ##.....## ### #.# ...#
##...## #.# ...# ##+##
#######.# ...# #<#
#>......# ##.# #.#
#.####### ...# ##§## #.#
#### ##...######.# ..#
#......>W##.#
#.#######..§.###@##.#
#.#............55...#
....#####.######.#### #.###
#.######.# #.# #........#
..# ########## ###


You could see a phantom (ally target), a friendly iron imp (summoned) and a
friendly quasit (summoned).

Vanquished Creatures
  An orc priest (D:3)
  A gnoll (D:1)
  4 adders
  2 dart slugs
  7 orcs (D:3)
  2 endoplasms
  A giant cockroach (D:1)
  8 goblins
  6 hobgoblins
  11 jackals
  2 quokkas
  3 ball pythons (D:1)
  5 bats
  3 frilled lizards
  6 kobolds
  4 rats
66 creatures vanquished.

Vanquished Creatures (collateral kills)
  A ribbon worm (D:2)
  An orc (D:3)
  A goblin (D:1)
  A kobold (D:1)
  A quokka (D:1)
  A frilled lizard (D:3)
6 creatures vanquished.

Grand Total: 72 creatures vanquished

Notes
Turn   | Place    | Note
-------+----------+-------------------------------------------
     0 | D:1      | Zeia the Demonspawn Necromancer began the quest for the
                  | Orb.
     0 | D:1      | Reached XP level 1. HP: 13/13 MP: 3/3
    26 | D:1      | Reached skill level 1 in Fighting
   107 | D:1      | Gained mutation: Your demonic aura sometimes causes spilled
                  | blood to erupt in flames. [demonic ancestry]
   107 | D:1      | Reached XP level 2. HP: 22/22 MP: 3/5
   510 | D:1      | Found a faded altar of an unknown god.
   644 | D:1      | You fall into a shaft and drop 1 floor!
   881 | D:2      | Identified the ring "Earthly Heaven" {Will+ Int+2}
   936 | D:2      | Gained mutation: A weak demonic guardian rushes to your
                  | aid. [demonic ancestry]
   936 | D:2      | Reached XP level 3. HP: 25/28 MP: 1/6
  1493 | D:1      | Reached skill level 5 in Necromancy
  1493 | D:1      | Reached XP level 4. HP: 34/34 MP: 7/7
  2114 | D:3      | Learned a level 3 spell: Vampiric Draining
  2486 | D:3      | Reached XP level 5. HP: 27/41 MP: 9/9
  2703 | D:3      | Noticed a phantom
  2711 | D:3      | Noticed a black bear
  2747 | D:2      | HP: 2/41 [phantom (1)]
  2758 | D:2      | HP: 1/61 [phantom (4)]
  2772 | D:2      | HP: 3/61 [phantom (2)]
  2777 | D:2      | HP: 2/61 [phantom (1)]
  2779 | D:2      | Slain by a phantom

Illustrated notes

Levels and vault maps discovered:
D:1:      psy_arrival_whirlpool, layout_basic,
          hellmonk_ecumenical_altar_inner_sanctum
D:2:      layout_loops_corners, basic_altar
D:3:      layout_rooms, st_stairs_11

Skill      XL: |  1  2  3  4 |
---------------+-------------+-----
Fighting       | 1 2 3 |  3.0
Necromancy     | 5 |  5.6
Dodging        | |  1.7
Stealth        | |  1.7
Spellcasting   | |  2.8

Action                     |  1- 3 |  4- 6 || total
---------------------------+-------+-------++-------
  Melee: Unarmed           |     5 |       ||     5
         Punch             |     1 |       ||     1
         Dagger            |       |    38 ||    38
   Cast: Necrotise         |    58 |    59 ||   117
         Vampiric Draining |       |     6 ||     6
    Use: Potion            |       |     2 ||     2
 Armour: Robe              |    11 |    36 ||    47
         Skin              |       |    28 ||    28
  Dodge: Dodged            |    12 |    36 ||    48

Table legend: (Time is in decaauts)
 A = Elapsed time spent in this place.
 B = Non-inter-level travel time spent in this place.
 C = Inter-level travel time spent in this place.
 D = Time resting spent in this place.
 E = Time spent auto-exploring this place.
 F = Levels seen in this place.
 G = Mean time per level.
                   A        B        C        D        E       F      G
               +--------+--------+--------+--------+--------+-----+--------+
         Total |   2784 |   2678 |    106 |    592 |   1585 |   3 |  928.0 |
       Dungeon |   2784 |   2678 |    106 |    592 |   1585 |   3 |  928.0 |
               +--------+--------+--------+--------+--------+-----+--------+

Top non-repeatable levels by time:
     D:2: 1460 daAuts
     D:1: 958 daAuts
     D:3: 366 daAuts
